 Dungeon Crawl Stone Soup version 0.29.1-12-g30fa7ad0bf (webtiles) character file.

Game seed: 9850757727708055116

1771 Peloso the Carver (level 8, -1/69 (71) HPs)
             Began as a Minotaur Fighter on Dec 24, 2022.
             Slain by an orc warrior
             ... wielding a +0 scimitar
              (9 damage)
             ... on level 6 of the Dungeon.
             The game lasted 00:17:16 (6239 turns).

Peloso the Carver (Minotaur Fighter)                Turns: 6239, Time: 00:17:16

HP:   -1/69 (71)    AC: 18    Str: 21    XL:     8   Next: 80%
MP:   7/7           EV:  6    Int:  5    God:
Gold: 297           SH:  6    Dex: 12    Spells: 7/7 levels left

rFire   + + .      SeeInvis .   a - +0 long sword (venom)
rCold   . . .      Faith    .   c - +1 buckler
rNeg    . . .      Spirit   .   x - +2 plate armour {rF+}
rPois   .          Reflect  .   (helmet restricted)
rElec   .          Harm     .   o - +0 cloak
rCorr   .          Rampage  .   q - +0 pair of gloves
Will    +....                   (no boots)
Stlth   ..........              (no amulet)
HPRegen 0.21/turn               i - ring of protection from fire
MPRegen 0.10/turn               l - ring of willpower

@: about to teleport, lightly drained
A: horns 2, retaliatory headbutt
a: no special abilities


You were on level 6 of the Dungeon.
You visited 1 branch of the dungeon, and saw 6 of its levels.
You visited the Abyss 1 time.
You also visited: Sewer.

You collected 337 gold pieces.
You spent 40 gold pieces at shops.

Inventory:

Hand Weapons
 a - a +0 long sword of venom (weapon)
 b - a +1 scimitar of holy wrath
Armour
 c - a +1 buckler (worn)
 o - a +0 cloak (worn)
 q - a +0 pair of gloves (worn)
 x - a +2 plate armour of fire resistance (worn)
Jewellery
 i - a ring of protection from fire (left hand)
 l - a ring of willpower (right hand)
 u - a ring of poison resistance
 D - a ring of flight
Wands
 f - a wand of flame (12)
 s - a wand of iceblast (8)
 C - a wand of paralysis (5)
Scrolls
 k - 3 scrolls of blinking
 n - 3 scrolls of enchant armour
 r - 4 scrolls of teleportation
 t - a scroll of acquirement
 y - a scroll of immolation
 A - a scroll of fear
Potions
 d - 3 potions of might
 e - 2 potions of brilliance
 g - a potion of attraction {unknown}
 h - a potion of invisibility
 j - 2 potions of curing
 m - 2 potions of mutation {unknown}
 p - a potion of ambrosia {unknown}
 v - a potion of heal wounds {unknown}
 w - 2 potions of haste {unknown}
 z - 4 potions of flight
 E - 2 potions of resistance


   Skills:
 + Level 6.5 Fighting
 + Level 8.6 Long Blades
 + Level 8.1 Armour
 + Level 1.6 Dodging
 + Level 0.3 Stealth
 + Level 6.3 Shields
 + Level 0.4 Evocations


You had 7 spell levels left.
You didn't know any spells.
Your spell library contained the following spells:

 Spells                   Type           Power      Damage    Failure   Level
 Summon Small Mammal      Summ           0%         N/A       100%        1
 Call Canine Familiar     Summ           0%         N/A       100%        3
 Conjure Flame            Conj/Fire      0%         6-21      100%        3
 Ignite Poison            Fire/Tmut/Pois 0%         N/A       100%        3
 Inner Flame              Hex/Fire       0%         N/A       100%        3
 Summon Guardian Golem    Hex/Summ       0%         N/A       100%        3
 Cause Fear               Hex            0%         N/A       100%        4
 Sticky Flame             Conj/Fire      0%         2d3       100%        4
 Discord                  Hex            0%         N/A       100%        8


Dungeon Overview and Level Annotations

Branches:
Dungeon (6/15)              Sewer (visited)
 Temple: D:4-7

Altars:
Cheibriados
Elyvilon
Nemelex Xobeh
Sif Muna
Trog
Xom
Yredelemnul
Zin
The Shining One

Shops:
D:4 !


Innate Abilities, Weirdness & Mutations

You have a pair of horns on your head.
You reflexively headbutt those who attack you in melee.


Message History

The orc priest calls upon Beogh to heal something.
You block the wight's attack. The wight barely misses you.
You hit the wight but do no damage. You block the wight's attack.
The wight hits you but does no damage.
Unknown command.
You hit the wight but do no damage. The wight barely misses your butterfly.
The wight hits you with a +2 flail.
You feel drained. The wight closely misses you.
An orc wizard comes into view. It is wielding a +0 dagger.
The wight hits you but does no damage.
Unknown command.
You hit the wight.
You headbutt the wight, but do no damage.
The wight is lightly damaged.
Your butterfly disappears in a burst of colours!
A water moccasin comes into view.
The orc priest invokes the aid of Beogh against you.
Beogh smites you!
The wight hits you but does no damage. x2
You block the wight's attack. The wight attacks as you move away!
The wight hits you with a +2 flail.
* * * LOW HITPOINT WARNING * * *
You feel drained.
The orc wizard casts a spell.
The orc wizard flickers and vanishes!
Deactivating autopickup; reactivate with Ctrl-A.
Your butterfly disappears in a burst of colours!
The orc priest casts a cantrip, but nothing happens.
The orc warrior hits you with a +0 scimitar.
* * * LOW HITPOINT WARNING * * *
As you read the scroll of teleportation, it crumbles to dust.
You feel strangely unstable.
The water moccasin bites you but does no damage.
The water moccasin bites you but does no damage.
The orc priest invokes the aid of Beogh against you.
Beogh smites you!
* * * LOW HITPOINT WARNING * * *
You block the orc warrior's attack.
The water moccasin bites you but does no damage.
The orc warrior hits you with a +0 scimitar!
You die...

.... ....###
.........
.........####
##...........# .8
............#....
###................
#..........@#
#...##.oooS# ..
##...)o..zz#....
#....##z.{.....#
##...z..........
#....##.........
###....#..........
#....###....#....#
#)........####...#


You could see an orc warrior, a water moccasin, 4 wights, an orc priest, an orc
wizard and an orc.

Vanquished Creatures
  Grinder (D:5)
  Sigmund (D:5)
  Eustachio (D:5)
  Duvessa (D:4)
  An ice beast (D:5)
  2 ogres
  Blork the orc (D:6)
  2 necrophages (D:5)
  Dowan (D:4)
  4 killer bees (D:4)
  A hound (D:5)
  Crazy Yiuf (D:2)
  Ijyb (D:3)
  An orc wizard (D:3)
  A merfolk siren (Sewer)
  A merfolk avatar (Sewer)
  Robin (D:1)
  A gnoll (D:6)
  8 river rats
  9 adders
  A shadow imp (D:5)
  A white imp (D:6)
  2 worms
  2 dart slugs
  13 orcs
  5 bats
  9 endoplasms
  4 giant cockroaches
  19 goblins
  10 hobgoblins
  3 jackals (D:1)
  9 quokkas
  10 ball pythons
  8 frilled lizards
  10 kobolds
  30 rats
176 creatures vanquished.

Vanquished Creatures (others)
  An orc (D:5)
  2 plants (D:1)
3 creatures vanquished.

Grand Total: 179 creatures vanquished

Notes
Turn   | Place    | Note
-------+----------+-------------------------------------------
     0 | D:1      | Peloso the Minotaur Fighter began the quest for the Orb.
     0 | D:1      | Reached XP level 1. HP: 19/19 MP: 0/0
    99 | D:1      | Reached XP level 2. HP: 22/27 MP: 1/1
   650 | D:1      | Found a faded altar of an unknown god.
   720 | D:1      | Reached XP level 3. HP: 30/33 MP: 2/2
   924 | D:2      | Identified the +1 helmet of Compression {Will+ Str+4 Dex+4}
   924 | D:2      | Noticed Robin
  1116 | D:1      | Killed Robin
  1116 | D:1      | HP: 1/33 [goblin/+0 dagger[Robin] (3)]
  1429 | D:2      | Reached XP level 4. HP: 13/40 MP: 3/3
  2098 | D:2      | Found a runed translucent door.
  2099 | D:2      | Noticed Crazy Yiuf
  2291 | D:2      | Killed Crazy Yiuf
  2292 | D:2      | Reached skill level 5 in Armour
  2668 | D:3      | Found a bloodstained altar of Trog.
  2675 | D:3      | Noticed Ijyb
  2698 | D:3      | Killed Ijyb
  2699 | D:3      | Reached skill level 1 in Dodging
  2699 | D:3      | Reached XP level 5. HP: 38/47 MP: 4/4
  2953 | D:3      | Found a shimmering blue altar of Sif Muna.
  3297 | D:3      | Found a white marble altar of Elyvilon.
  3299 | D:3      | Found a glowing silver altar of Zin.
  3302 | D:3      | Found a glowing golden altar of the Shining One.
  3614 | D:4      | Reached XP level 6. HP: 41/55 MP: 5/5
  3618 | D:4      | Reached skill level 5 in Fighting
  3631 | D:4      | Reached skill level 5 in Long Blades
  4028 | D:4      | Found Biedduk's Distillery.
  4036 | D:4      | Bought a potion of flight for 30 gold pieces
  4036 | D:4      | Bought a potion of degeneration for 10 gold pieces
  4049 | D:4      | Found a sparkling altar of Nemelex Xobeh.
  4049 | D:4      | Found a snail-covered altar of Cheibriados.
  4116 | D:4      | Noticed Duvessa
  4123 | D:4      | Noticed Dowan
  4124 | D:4      | Killed Duvessa
  4125 | D:4      | Reached XP level 7. HP: 61/61 MP: 6/6
  4154 | D:4      | HP: 3/61 [Dowan/shard of ice (18)]
  4159 | D:4      | Killed Dowan
  4451 | D:4      | Found a basalt altar of Yredelemnul.
  4675 | D:5      | Entered Level 5 of the Dungeon
  4698 | D:5      | Reached skill level 5 in Shields
  4725 | D:5      | Identified a scroll of acquirement
  4747 | D:5      | Found a glowing drain.
  4762 | Sewer    | Entered a sewer
  5510 | D:5      | Reached XP level 8. HP: 60/69 MP: 7/7
  5570 | D:5      | Noticed Eustachio
  5584 | D:5      | Killed Eustachio
  5663 | D:5      | Found a shimmering altar of Xom.
  5729 | D:5      | Noticed Sigmund
  5735 | Abyss:1  | Cast into level 1 of the Abyss (Sigmund)
  5777 | D:5      | Escaped the Abyss
  5783 | D:5      | Killed Sigmund
  5916 | D:5      | Noticed Grinder
  5931 | D:5      | Killed Grinder
  6165 | D:6      | Noticed Blork the orc
  6176 | D:6      | Killed Blork the orc
  6239 | D:6      | Slain by an orc warrior

Illustrated notes

Levels and vault maps discovered:
D:1:      matt_arrival_los_fun, layout_rooms,
          shapermc_ecumenical_altar_acropolis, chequers_big_river,
          minmay_misc_feat_chi, chequers_avenue, minmay_hexomino_f4
D:2:      layout_rooms, uniq_robin, uniq_crazy_yiuf_cottage
D:3:      layout_loops_ring, good_gods_temple_1, amcnicky_altar_gilded,
          kennysheep_orc_sif_temple, minmay_quadrilaterals, uniq_ijyb
D:4:      layout_loops_ring, kennysheep_mini, nicolae_overflow_two_pavilions,
          serial_shops, shop, uniq_duvessa
D:5:      layout_rooms, mainiacjoe_overflow_brackets, portal_sewer_entry_b,
          uniq_eustachio, uniq_sigmund, uniq_grinder
D:6:      minmay_diamond_boxcup, layout_cave_pools, dancing_weapons_uskayaw,
          enter_ossuary_2, serial_column_ruins, column_ruins_hut,
          column_ruins_grid_3, column_ruins_columns_corner,
          column_ruins_columns_straight, column_ruins_columns_dead_end,
          column_ruins_corridor_straight, uniq_blork_the_orc

Skill      XL: |  1  2  3  4  5  6  7  8 |
---------------+-------------------------+-----
Fighting       | 4 5 6 |  6.5
Shields        | 4 5 6 |  6.3
Armour         | 4 5 6 7 8 |  8.1
Long Blades    | 3 4 5 7 8 |  8.6
Dodging        | 1 |  1.6
Stealth        | |  0.3
Evocations     | |  0.4

Action                   |  1- 3 |  4- 6 |  7- 9 || total
-------------------------+-------+-------+-------++-------
Melee: Long sword        |   107 |   147 |   201 ||   455
       Headbutt          |    15 |    23 |    24 ||    62
Evoke: Wand              |       |     3 |     5 ||     8
  Use: Scroll            |     4 |     5 |     4 ||    13
       Potion            |     1 |       |     2 ||     3
Armor: Scale mail        |    91 |    22 |       ||   113
       Plate armour      |       |    96 |   143 ||   239
Dodge: Dodged            |    87 |    50 |    59 ||   196
Block: Buckler           |    51 |    40 |    73 ||   164
